 Dungeon Crawl Stone Soup version 0.28.0-49-g6dfe1f597d (webtiles) character file.

Game seed: 12824832114350068201

80493 pkoi the Marksdemigod (level 14, -4/126 HPs)
             Began as a Demigod Gladiator on May 11, 2022.
             Killed from afar by a shock serpent (13 damage)
             ... with a bolt of electricity
             ... on level 2 of the Snake Pit.
             The game lasted 00:59:27 (34121 turns).

pkoi the Marksdemigod (Demigod Gladiator)          Turns: 34121, Time: 00:59:28

Health: -4/126     AC: 24    Str: 17    XL:     14   Next: 83%
Magic:  17/17      EV: 16    Int: 18    God:
Gold:   3117       SH:  0    Dex: 18    Spells: 10/13 levels left

rFire   + . .      SeeInvis .   n - +7 longbow of Peace {speed, Str+3 Dex-5 Stlth+}
rCold   . . .      Faith    .   (shield currently unavailable)
rNeg    . . .      Spirit   .   r - +0 swamp dragon scales
rPois   +          Reflect  .   J - +2 hat {Will+}
rElec   .          Harm     .   S - +0 cloak
rCorr   .          Rampage  .   (no gloves)
Will    ++...                   R - +2 pair of boots
Stlth   ++........              A - amulet of regeneration
HPRegen 1.11/turn               l - ring of the Tortoise {AC+8}
MPRegen 0.15/turn               m - ring "Ipsad" {Fly rF+ Str-5 Dex+4 Slay+2}

@: flying
A: high MP 1, forlorn, divine attributes
a: no special abilities


You were on level 2 of the Snake Pit.
You visited 3 branches of the dungeon, and saw 20 of its levels.
You also visited: Bailey and Gauntlet.

You collected 3117 gold pieces.

Inventory:

Hand Weapons
 g - a +2 dagger of venom
 n - the +7 longbow of Peace (weapon) {speed, Str+3 Dex-5 Stlth+}
   (You found it on level 4 of the Dungeon)

   Attacks with this weapon are significantly faster.
   Str:       It affects your strength (+3).
   Dex:       It affects your dexterity (-5).
   Stlth:     It makes you more stealthy.
 I - a +2 dagger of electrocution
Missiles
 c - 3 throwing nets
 o - 198 arrows (quivered ammo)
Armour
 r - +0 swamp dragon scales (worn)
 w - a +0 plate armour
 J - a +2 hat of willpower (worn)
 R - a +2 pair of boots (worn)
 S - a +0 cloak (worn)
Jewellery
 a - a ring of protection from fire
 e - a ring of flight
 l - the ring of the Tortoise (left hand) {AC+8}
   (You found it in a Gauntlet)

   [ring of protection]

   AC:        It affects your AC (+8).
 m - the ring "Ipsad" (right hand) {Fly rF+ Str-5 Dex+4 Slay+2}
   (You took it off a minotaur in a Gauntlet)

   [ring of flight]

   Str:       It affects your strength (-5).
   Dex:       It affects your dexterity (+4).
   Slay:      It affects your accuracy & damage with ranged weapons and melee
   (+2).
   rF:        It protects you from fire.
   Fly:       It grants you flight.
 s - a ring of willpower
 A - an amulet of regeneration (around neck)
 K - a ring of see invisible
 Q - a ring of protection from cold
Wands
 h - a wand of flame (48)
 p - a wand of paralysis (15)
 y - a wand of acid (7)
 L - a wand of iceblast (10)
Scrolls
 d - a scroll of amnesia
 f - 4 scrolls of magic mapping
 i - 2 scrolls of identify
 j - 2 scrolls of enchant weapon
 q - 3 scrolls of enchant armour
 u - 5 scrolls of teleportation
 x - 5 scrolls of fear
 C - 4 scrolls of blinking
 D - 3 scrolls of fog
 P - a scroll of brand weapon
Potions
 b - a potion of invisibility
 k - 5 potions of heal wounds
 t - 3 potions of magic
 v - 4 potions of resistance
 z - 5 potions of flight
 B - a potion of haste
 E - 4 potions of curing
 F - 2 potions of brilliance
 G - 4 potions of might
 H - a potion of ambrosia
Miscellaneous
 M - a lightning rod (4/4)
 N - a phantom mirror (inert)


   Skills:
 - Level 12.0 Fighting
 * Level 15.4 Bows
 - Level 1.7 Throwing
 + Level 9.4 Armour
 + Level 9.4 Dodging
 - Level 7.7 Unarmed Combat
 + Level 7.5 Evocations


You had 10 spell levels left.
You knew the following spells:

 Your Spells              Type           Power      Damage    Failure   Level
a - Apportation           Tloc           0%         N/A       34%         1
b - Blink                 Tloc           0%         N/A       47%         2

Your spell library contained the following spells:

 Spells                   Type           Power      Damage    Failure   Level
 Foxfire                  Conj/Fire      0%         2x1d4     34%         1
 Freeze                   Ice            0%         1d3       34%         1
 Summon Small Mammal      Summ           0%         N/A       34%         1
 Corpse Rot               Necr/Air       0%         N/A       47%         2
 Sublimation of Blood     Necr           0%         N/A       47%         2
 Wereblood                Tmut           0%         N/A       47%         2
 Call Canine Familiar     Summ           0%         N/A       71%         3
 Conjure Flame            Conj/Fire      0%         6-21      71%         3
 Frozen Ramparts          Ice            0%         1d2       71%         3
 Inner Flame              Hex/Fire       0%         N/A       71%         3
 Lesser Beckoning         Tloc           0%         N/A       71%         3
 Summon Guardian Golem    Hex/Summ       0%         N/A       71%         3
 Airstrike                Air            0%         N/A       98%         4
 Animate Armour           Summ/Erth      0%         N/A       98%         4
 Dispel Undead            Necr           0%         3d6       98%         4
 Flame Wave               Conj/Fire      0%         2d4       98%         4
 Hailstorm                Conj/Ice       0%         3d3       98%         4
 Ice Form                 Ice/Tmut       0%         N/A       98%         4
 Leda's Liquefaction      Hex/Erth       0%         N/A       98%         4
 Summon Ice Beast         Ice/Summ       0%         N/A       98%         4
 Summon Lightning Spire   Summ/Air       0%         N/A       98%         4
 Alistair's Intoxication  Tmut/Pois      0%         N/A       100%        5
 Fireball                 Conj/Fire      0%         3d3       100%        5
 Iskenderun's Battlesphe  Conj           0%         2d6       100%        5
 Lee's Rapid Deconstruct  Erth           0%         3d5*      100%        5
 Lightning Bolt           Conj/Air       0%         1d11      100%        5
 Manifold Assault         Tloc           0%         N/A       100%        5
 Conjure Ball Lightning   Conj/Air       0%         3x3d6     100%        6
 Death Channel            Necr           0%         N/A       100%        6
 Statue Form              Tmut/Erth      0%         N/A       100%        6
 Malign Gateway           Summ/Tloc      0%         N/A       100%        7
 Orb of Destruction       Conj           0%         9d5       100%        7
 Summon Hydra             Summ           0%         N/A       100%        7
 Summon Horrible Things   Summ           0%         N/A       100%        8


Dungeon Overview and Level Annotations

Branches:
Dungeon (12/15)            Temple (0/1) D:5            Lair (6/6) D:8
  Swamp (0/4) Lair:3        Snake (2/4) Lair:2        Slime (0/5) Lair:5
    Orc (0/2) D:11         Bailey (visited)         Gauntlet (visited)

Shops:
D:11 [(

Annotations:
D:7 exclusion: upstairs
Snake:2 Aizul, Louise


Innate Abilities, Weirdness & Mutations

You have an increased reservoir of magic. (+10% MP)
You shall have no god before yourself.
Your divine heritage dramatically boosts your attributes as you level up.


Message History

The anaconda is poisoned.
Okay, then.
Unknown command.
You feel much better.
The anaconda bites you but does no damage.
The anaconda constricts you.
* * * LOW HITPOINT WARNING * * *
Aizul coils herself and waves her upper body at you.
The bolt of poison misses you.
Aizul casts a spell at Aizul.
The poison arrow misses Aizul.
Louise begs, "Please!
I have a lot of children!"
Louise casts a spell.
Louise blinks!
The naga sharpshooter unwields a +0 short sword.
The naga sharpshooter wields a +0 arbalest.
The naga sharpshooter shoots a bolt.
The bolt barely misses Aizul.
The bolt hits the anaconda!!
You hear an angry hiss.
Unknown command.
The anaconda's grasp on you weakens, but your attempt to escape fails.
The anaconda bites you!
* * * LOW HITPOINT WARNING * * *
The anaconda constricts you.
Aizul hits Aizul!
Aizul hits you!
* * * LOW HITPOINT WARNING * * *
The anaconda closely misses you. The anaconda constricts you.
* * * LOW HITPOINT WARNING * * *
Aizul closely misses you.
Aizul misses Aizul.
Louise casts a spell.
Louise blinks!
Unknown command.
Unknown command.
You escape the anaconda's grasp.
The anaconda misses you. The anaconda completely misses you.
Aizul coils herself and waves her upper body at you.
The bolt of poison hits you but does no damage.
You resist.
Aizul completely misses Aizul.
The shock serpent shoots out a bolt of lightning at you!
The bolt of electricity hits you!
You die...

.........^###.#
≈.N.....###o###
≈≈N..........#
≈N##.####N...#
###.....S.#
#........#
#.....S..#
.......SS.#
###......<@#
#.######## ##


You could see Aizul (ally target), a naga sharpshooter, an anaconda (poisoned),
a shock serpent, an orc warrior (fleeing) and the friendly Aizul (summoned,
drained).

Vanquished Creatures
  Gastronok (Lair:3)
  A dire elephant (Gauntlet)
  A minotaur (Gauntlet)
  Snorg (Lair:3)
  A fire dragon (Lair:6)
  Fannar (Lair:2)
  7 hydras
  7 boulder beetles
  3 naga warriors
  4 anacondas
  A catoblepas (Lair:6)
  An ogre mage (D:11)
  5 two-headed ogres
  Urug (D:10)
  Nergalle (Lair:2)
  A shock serpent (Snake:1)
  2 naga sharpshooters (Snake:1)
  A skeletal warrior (D:11)
  A death drake (Gauntlet)
  A swamp dragon (Lair:6)
  Pikel (D:6)
  3 mana vipers (Snake:1)
  3 ugly things
  A necromancer (Gauntlet)
  A deep elf pyromancer (D:11)
  The ghost of xaos the Cutter, a novice HuWn of the Shining One (D:5)
  4 manticores
  2 salamanders
  A cyclops (D:11)
  A moth of wrath (shapeshifter) (D:11)
  14 elephants
  7 black mambas
  A naga mage (Snake:1)
  16 cane toads
  4 gargoyles
  4 kobold demonologists
  4 rime drakes
  3 unseen horrors
  2 minotaur zombies (Gauntlet)
  13 komodo dragons
  2 trolls
  A hornet (D:11)
  12 polar bears
  A slime creature (D:12)
  6 blink frogs
  A spectral meliai (Gauntlet)
  6 dream sheep (Lair:6)
  3 raiju (Lair:6)
  2 wraiths
  A shadow (D:11)
  A vampire (D:11)
  22 yaks
  4 wyverns
  Grum (D:8)
  Menkaure (D:4)
  4 basilisks
  4 steam dragons
  4 vampire mosquitoes (D:12)
  Edmund (D:4)
  The ghost of Zeld the Changer, an amateur OpTm (D:3)
  11 nagas
  3 acid dragons
  6 wargs (Lair:6)
  Duvessa (D:7)
  7 water moccasins
  12 hell hounds
  An ice beast (D:7)
  13 orc warriors
  A necrophage (D:7)
  14 black bears
  3 ogres
  27 wolves
  7 centaurs
  4 boggarts (Lair:4)
  2 lemures (D:6)
  2 phantoms
  Blork the orc (D:4)
  14 kobold brigands
  4 gnoll sergeants
  3 scorpions (D:8)
  13 bullfrogs
  A water moccasin skeleton (D:4)
  Dowan (D:7)
  12 wights
  3 electric eels (D:10)
  A howler monkey (D:6)
  9 centaur zombies
  3 hounds
  3 orc priests
  Crazy Yiuf (D:2)
  3 jellies
  4 iguanas
  13 orc wizards
  A killer bee zombie (D:6)
  A hound zombie (D:5)
  8 adders
  20 gnolls
  A howler monkey skeleton (D:4)
  A shadow imp (D:5)
  2 white imps (D:6)
  2 worms (D:3)
  4 dart slugs
  36 orcs
  6 ball pythons
  6 endoplasms
  6 giant cockroaches
  4 goblins
  5 hobgoblins
  A quokka (D:3)
  3 bats
  5 frilled lizards
  47 kobolds
  8 rats
576 creatures vanquished.

Vanquished Creatures (others)
  An iguana (Lair:6)
  36 fungi
  84 plants
  2 withered plants (D:5)
123 creatures vanquished.

Grand Total: 699 creatures vanquished

Notes
Turn   | Place    | Note
-------+----------+-------------------------------------------
     0 | D:1      | pkoi the Demigod Gladiator began the quest for the Orb.
     0 | D:1      | Reached XP level 1. HP: 17/17 MP: 3/3
   493 | D:1      | Reached XP level 2. HP: 19/24 MP: 4/4
  1769 | D:2      | Reached XP level 3. HP: 29/29 MP: 5/5
  1913 | D:2      | Reached skill level 1 in Armour
  2089 | D:2      | Found a runed translucent door.
  2091 | D:2      | Noticed Crazy Yiuf
  2737 | D:3      | Found a runed translucent gate.
  2738 | D:3      | Noticed Zeld's ghost (amateur OpTm)
  2744 | D:3      | Found a runed translucent gate.
  2843 | D:3      | Found a runed translucent gate.
  3044 | D:3      | Noticed a phantom
  3062 | D:3      | Killed a phantom
  3063 | D:3      | Reached XP level 4. HP: 18/37 MP: 6/6
  3331 | D:3      | Reached XP level 5. HP: 7/42 MP: 7/7
  3837 | D:4      | Noticed an ogre
  3861 | D:4      | Killed an ogre
  4544 | D:3      | Reached XP level 6. HP: 39/51 MP: 8/8
  5295 | D:4      | Identified the +7 longbow of Peace {speed, Str+3 Dex-5
                  | Stlth+}
  5790 | D:4      | Noticed Blork the orc
  5792 | D:4      | Killed Blork the orc
  5793 | D:4      | Reached skill level 1 in Bows
  5910 | D:4      | Noticed Menkaure
  5914 | D:4      | Killed Menkaure
  5915 | D:4      | Reached XP level 7. HP: 58/58 MP: 9/9
  6073 | D:4      | Noticed Edmund
  6109 | D:4      | Killed Edmund
  6460 | D:5      | Entered Level 5 of the Dungeon
  6559 | D:5      | Reached skill level 2 in Bows
  6559 | D:5      | Reached skill level 5 in Unarmed Combat
  6648 | D:5      | Found a staircase to the Ecumenical Temple.
  7045 | D:5      | Found a runed translucent door.
  7045 | D:5      | Noticed xaos's ghost (novice HuWn)
  7540 | D:6      | Reached XP level 8. HP: 57/67 MP: 10/10
  7546 | D:6      | Reached skill level 5 in Dodging
  7898 | D:6      | Reached skill level 3 in Bows
  8059 | D:6      | Noticed Pikel
  8065 | D:6      | Killed Pikel
  8066 | D:6      | Reached skill level 5 in Fighting
  8936 | D:7      | Noticed Duvessa
  8936 | D:7      | Noticed Dowan
  8948 | D:7      | Killed Duvessa
  8959 | D:7      | Killed Dowan
  9022 | D:7      | Reached skill level 4 in Bows
  9022 | D:7      | Reached XP level 9. HP: 50/74 MP: 11/11
  9257 | D:7      | Reached skill level 5 in Armour
 10360 | D:6      | Noticed a two-headed ogre
 10360 | D:6      | Noticed a cyclops
 10360 | D:6      | Noticed a cyclops
 10360 | D:6      | Noticed a two-headed ogre
 10463 | D:8      | Found a flagged portal.
 10472 | Bailey   | Entered a bailey
 10662 | Bailey   | Reached skill level 5 in Bows
 12038 | D:8      | Reached XP level 10. HP: 84/84 MP: 13/13
 12061 | D:8      | Noticed Grum
 12099 | D:8      | Noticed a two-headed ogre
 12662 | D:8      | Killed Grum
 12694 | D:8      | Killed a two-headed ogre
 13247 | D:8      | Noticed a two-headed ogre
 13254 | D:8      | Killed a two-headed ogre
 13255 | D:8      | Reached skill level 6 in Bows
 13643 | D:8      | Found a staircase to the Lair.
 15843 | Lair:1   | Entered Level 1 of the Lair of Beasts
 16599 | Lair:1   | Reached XP level 11. HP: 92/92 MP: 14/14
 16782 | Lair:1   | Reached skill level 7 in Bows
 17758 | Lair:2   | Found a staircase to the Snake Pit.
 17790 | Lair:2   | Noticed Nergalle
 17797 | Lair:2   | Killed Nergalle
 18328 | Lair:3   | Noticed a five-headed hydra
 18675 | Lair:3   | Noticed a six-headed hydra
 18824 | Lair:2   | Killed a six-headed hydra
 18922 | Lair:3   | Reached skill level 8 in Bows
 18993 | Lair:3   | Killed a five-headed hydra
 18994 | Lair:3   | Noticed Snorg
 19008 | Lair:3   | Noticed Fannar
 19348 | Lair:2   | Killed Fannar
 19704 | Lair:3   | Identified the +3 leather armour of the Stars {Str+3}
 19778 | Lair:3   | Noticed Gastronok
 19792 | Lair:3   | Killed Gastronok
 19793 | Lair:3   | Reached XP level 12. HP: 91/104 MP: 15/15
 19887 | Lair:3   | Found a staircase to the Swamp.
 19895 | Lair:3   | Reached skill level 9 in Bows
 19940 | Lair:3   | Killed Snorg
 20447 | Lair:3   | Reached skill level 10 in Bows
 20903 | Lair:4   | Found a gate leading to a gauntlet.
 20917 | Gauntlet | Entered a Gauntlet
 20917 | Gauntlet | Found a transporter.
 20917 | Gauntlet | Found a transporter.
 20917 | Gauntlet | Found a transporter.
 20921 | Gauntlet | Found a transporter.
 20921 | Gauntlet | Found a transporter.
 20921 | Gauntlet | Found a transporter.
 20925 | Gauntlet | Noticed an entropy weaver
 20927 | Gauntlet | Noticed a dire elephant
 20933 | Gauntlet | Found a transporter.
 20935 | Gauntlet | Found a transporter.
 20937 | Gauntlet | Found a large runed translucent door.
 20938 | Gauntlet | Found a large runed translucent door.
 20939 | Gauntlet | Found a large runed translucent door.
 20939 | Gauntlet | Found a large runed translucent door.
 20939 | Gauntlet | Found a runed translucent door.
 20939 | Gauntlet | Found a runed translucent door.
 20940 | Gauntlet | Found a large runed translucent door.
 20940 | Gauntlet | Found a large runed translucent door.
 20940 | Gauntlet | Found a large runed translucent door.
 20940 | Gauntlet | Found a large runed translucent door.
 20941 | Gauntlet | Found a large runed translucent door.
 20941 | Gauntlet | Found a large runed translucent door.
 20942 | Gauntlet | Found a large runed translucent door.
 20942 | Gauntlet | Found a large runed translucent door.
 20943 | Gauntlet | Found a runed translucent gate.
 20943 | Gauntlet | Found a runed translucent gate.
 20943 | Gauntlet | Found a runed translucent gate.
 20945 | Gauntlet | Found a transporter.
 20945 | Gauntlet | Found the ring of the Tortoise {AC+8}
 20953 | Gauntlet | Found a transporter.
 20970 | Gauntlet | Found a transporter.
 20974 | Gauntlet | Found a transporter.
 21054 | Gauntlet | Found a large runed translucent door.
 21054 | Gauntlet | Found a large runed translucent door.
 21057 | Gauntlet | Found a large runed translucent door.
 21057 | Gauntlet | Found a large runed translucent door.
 21173 | Gauntlet | Reached skill level 10 in Fighting
 21454 | Gauntlet | Killed a dire elephant
 21542 | Gauntlet | Got the Incunabulum of Creative Earth
 21605 | Gauntlet | Reached skill level 11 in Bows
 21829 | Gauntlet | Identified the ring "Ipsad" {Fly rF+ Str-5 Dex+4 Slay+2}
 21829 | Gauntlet | Noticed a minotaur
 21840 | Gauntlet | Killed a minotaur
 21852 | Gauntlet | Identified the amulet "Fivuse" {Acrobat rCorr}
 23233 | Lair:5   | Noticed a seven-headed hydra
 23238 | Lair:5   | Killed a seven-headed hydra
 23239 | Lair:5   | Noticed a boulder beetle
 23262 | Lair:5   | Killed a boulder beetle
 23263 | Lair:5   | Reached skill level 1 in Evocations
 23263 | Lair:5   | Reached XP level 13. HP: 86/114 MP: 16/16
 23562 | Lair:5   | Found a staircase to the Slime Pits.
 23636 | Lair:6   | Entered Level 6 of the Lair of Beasts
 23789 | Lair:6   | Reached skill level 12 in Bows
 25375 | Lair:6   | Reached skill level 13 in Bows
 26714 | D:10     | Entered Level 10 of the Dungeon
 26887 | D:10     | Noticed Urug
 26895 | D:10     | Killed Urug
 27937 | D:11     | Found Toycius's Weapon Emporium.
 27937 | D:11     | Found a staircase to the Orcish Mines.
 27939 | D:11     | Found Uriveum's Armour Emporium.
 27941 | D:11     | Reached skill level 5 in Evocations
 28327 | D:11     | Reached XP level 14. HP: 112/125 MP: 17/17
 28520 | D:11     | Reached skill level 14 in Bows
 30978 | D:12     | Reached skill level 15 in Bows
 32426 | D:2      | Killed Crazy Yiuf
 32507 | D:3      | Killed Zeld's ghost
 32584 | D:5      | Killed xaos's ghost
 32731 | Snake:1  | Entered Level 1 of the Snake Pit
 32925 | Snake:1  | Learned a level 1 spell: Apportation
 33465 | Snake:1  | Learned a level 2 spell: Blink
 34086 | Snake:2  | Noticed Aizul
 34087 | Snake:2  | Noticed Louise
 34121 | Snake:2  | Killed from afar by a shock serpent

Illustrated notes

Levels and vault maps discovered:
D:1:      lemuel_arrival_lava_pool, layout_basic
D:2:      layout_loops_ring, uniq_crazy_yiuf_cottage
D:3:      layout_rooms, nicolae_qazlal_eye_of_the_storm, gammafunk_ghost_split,
          nrook_campfire, kennysheep_big_empty_room, hex_large,
          minmay_misc_feat_secret_circle, grunt_ministairs_13,
          serial_bayou_pond_a
D:4:      layout_basic, uniq_blork_the_orc, uniq_menkaure, uniq_edmund
D:5:      layout_loops_ring, mainiacjoe_overflow_small_starburst,
          minmay_temple_entry_large_hall, gammafunk_ghost_grave
D:6:      minmay_klotski, layout_loops_ring, st_stairs_4, grunt_decor_clamped,
          uniq_pikel
D:7:      layout_basic, mainiacjoe_overflow_catwalk, uniq_duvessa
D:8:      layout_basic, grunt_lair_entry_orc_guard_hut, enter_bailey_2,
          grunt_ministairs_10, st_stairs_6, uniq_grum
D:9:      layout_stronghold, nicolae_vehumet_altar_sigil, xom_teletrap_fun,
          tso_oasis_becter
D:10:     layout_basic, minivault_4, uniq_urug
D:11:     minmay_the_grid_square_5x5_4x4_mashed
          [minmay_the_grid_square_5x5_bridge,
          minmay_the_grid_square_5x5_doubleslash,
          minmay_the_grid_square_5x5_six_small,
          minmay_the_grid_square_5x5_tetrominoes,
          minmay_the_grid_square_5x5_bracketed,
          minmay_the_grid_square_5x5_prize_deathbox,
          minmay_the_grid_square_5x5_prize_snowflake,
          minmay_the_grid_square_5x5_three_small,
          minmay_the_grid_square_5x5_checkered,
          minmay_the_grid_square_5x5_prize_junk,
          minmay_the_grid_square_5x5_prize_waves,
          minmay_the_grid_square_5x5_three_walls,
          minmay_the_grid_square_5x5_meh,
          minmay_the_grid_square_5x5_pentomino_r,
          minmay_the_grid_square_5x5_mess, minmay_the_grid_square_5x5_plus],
          layout_basic, orc_david_3
D:12:     evilmike_diamond_2, layout_long_grid
Lair:1:   layout_chaotic_city, serial_bayou_shore_b, serial_bayou_shore_b,
          grunt_megastairs_5
Lair:2:   layout_loops_ring, minmay_snake_entry_guardpost_medium,
          grunt_megastairs_4, uniq_nergalle
Lair:3:   layout_loops_ring, swamp_mist_pool, serial_rivers,
          chequers_serial_rivers_micro_c, chequers_serial_rivers_micro_c,
          chequers_serial_rivers_small_a, chequers_serial_rivers_micro_c,
          beast_lair_carwin_7, uniq_gastronok, uniq_fannar, uniq_snorg
Lair:4:   layout_regular_city, gauntlet_entry_generic, kilobyte_rumbling_trees
Lair:5:   layout_concentric_octagons, dpeg_slime_entry_enclosed_altar,
          nzn_masters_of_martial_movement
Lair:6:   guppyfry_lair_end_dragon, layout_misc_corridors,
          hangedman_lair_caniforms_friends, st_stairs_7
Snake:1:  layout_rooms, nicolae_snake_gridmaze_big_u
Snake:2:  layout_honeycomb, st_stairs_9, library_closet, serial_bayou_pond_c,
          uniq_saint_roka, uniq_vashnia, uniq_louise, uniq_aizul

Skill      XL: |  1  2  3  4  5  6  7  8  9 10 11 12 13 14 |
---------------+-------------------------------------------+-----
Fighting       | 2 3 4 5 6 7 9 10 11 12 | 12.0
Unarmed Combat | 3 4 5 6 7 |  7.7
Dodging        | 3 4 5 6 7 9 |  9.4
Armour         | 1 2 3 4 6 7 8 9 |  9.4
Bows           | 1 2 4 5 6 8 11 13 15 | 15.4
Evocations     | 1 5 7 |  7.5
Throwing       | |  1.7

Action                   |  1- 3 |  4- 6 |  7- 9 | 10-12 | 13-15 || total
-------------------------+-------+-------+-------+-------+-------++-------
Melee: Unarmed           |   180 |    24 |    49 |     5 |       ||   258
       Punch             |     5 |       |     5 |     9 |       ||    19
       Dagger            |       |    59 |    81 |   124 |       ||   264
 Fire: Longbow           |       |    22 |   239 |   641 |  1040 ||  1942
Throw: Throwing net      |       |     3 |       |       |       ||     3
Evoke: Wand              |       |       |       |     3 |       ||     3
       Phantom mirror    |       |       |       |       |     1 ||     1
  Use: Scroll            |     6 |       |     7 |     8 |     7 ||    28
       Potion            |     2 |       |       |     5 |     2 ||     9
 Stab: Paralysed         |       |       |       |     9 |       ||     9
Armor: Leather armour    |    11 |       |       |       |       ||    11
       Chain mail        |    71 |    34 |    14 |       |       ||   119
       Plate armour      |       |       |    55 |   241 |     9 ||   305
       Swamp dragon scal |       |       |       |       |   183 ||   183
Dodge: Dodged            |    71 |    37 |   143 |   369 |   258 ||   878
